 Dungeon Crawl Stone Soup version 0.28.0-47-ge53b351184 (webtiles) character file.

Game seed: 4416532924718958980

94 Allula97 the Chopper (level 4, 0/35 HPs)
             Began as a Demonspawn Monk on May 9, 2022.
             Slain by a white imp (4 damage)
             ... summoned by Natasha
             ... on level 3 of the Dungeon.
             The game lasted 00:03:27 (2319 turns).

Allula97 the Chopper (Demonspawn Monk)              Turns: 2319, Time: 00:03:28

Health: 0/35       AC:  9    Str: 13    XL:     4   Next: 38%
Magic:  4/4        EV: 11    Int: 11    God:
Gold:   105        SH:  0    Dex: 16    Spells: 3/3 levels left

rFire   + + +      SeeInvis .   a - +0 hand axe
rCold   . . .      Faith    .   (no shield)
rNeg    . . .      Spirit   .   j - +4 ring mail of Resourcefulness {-Tele *Corrode rF+++ Stlth+}
rPois   .          Reflect  .   (no helmet)
rElec   .          Harm     .   (no cloak)
rCorr   .          Rampage  .   (no gloves)
Will    .....      NoTele   +   (no boots)
Stlth   ++........              (no amulet)
HPRegen 0.11/turn               (no ring)
MPRegen 0.09/turn               (no ring)

@: no status effects
A: powered by pain 1, weakness stinger 1
a: no special abilities


You were on level 3 of the Dungeon.
You visited 1 branch of the dungeon, and saw 3 of its levels.

You collected 105 gold pieces.

Inventory:

Hand Weapons
 a - a +0 hand axe (weapon)
Armour
 b - a +0 robe
 c - a +0 ring mail
 j - the +4 ring mail of Resourcefulness (worn) {-Tele *Corrode rF+++ Stlth+}
   (You found it on level 2 of the Dungeon)

   rF:        It renders you almost immune to fire.
   -Tele:     It prevents most forms of teleportation.
   *Corrode:  It may corrode you when you take damage.
   Stlth:     It makes you more stealthy.
Scrolls
 f - 2 scrolls of torment {unknown}
 g - a scroll of noise {unknown}
 h - 2 scrolls of enchant weapon {unknown}
 i - a scroll of brand weapon {unknown}
 k - a scroll of teleportation {unknown}
Potions
 d - a potion of lignification
 e - a potion of attraction


   Skills:
 * Level 3.3 Fighting
 * Level 3.9 Axes
 * Level 0.9 Armour
 * Level 3.2 Dodging
 + Level 1.8 Stealth


You had 3 spell levels left.
You didn't know any spells.
Your spell library was empty.

Dungeon Overview and Level Annotations

Branches:
Dungeon (3/15)

Altars:

Shops:
D:2 *

Annotations:
D:3 Natasha


Innate Abilities, Weirdness & Mutations

You sometimes gain a little power by taking damage.
You have a small tail.


Message History

The white imp barely misses you. Natasha claws you.
You hit Natasha.
Natasha is moderately wounded.
You hit the white imp. You hit the crimson imp. The white imp gestures at you.
The puff of frost misses you.
The crimson imp hits you but does no damage.
Natasha barely misses you. The white imp hits you. The white imp freezes you.
The crimson imp blinks!
Natasha casts a spell.
You miss Natasha.
Natasha is moderately wounded.
You hit the white imp.
The crimson imp disappears in a puff of smoke!
The white imp hits you but does no damage.
Natasha claws you but does no damage. The white imp barely misses you.
You closely miss Natasha.
Natasha is moderately wounded.
You barely miss the white imp. You hit the white imp.
The white imp closely misses you. Natasha barely misses you.
The white imp hits you but does no damage.
The white imp barely misses you. Natasha claws you but does no damage.
You hit Natasha.
Natasha is heavily wounded.
You hit the white imp. x2
The white imp gestures at you. The puff of frost misses you.
The white imp closely misses you. Natasha closely misses you.
The white imp hits you but does no damage. x2
Natasha claws you.
* * * LOW HITPOINT WARNING * * *
You hit Natasha.
Natasha is severely wounded.
You closely miss the white imp. x2
You feel yourself speed up.
The white imp hits you but does no damage.
The white imp hits you.
* * * LOW HITPOINT WARNING * * *
The white imp freezes you.
You die...

#.# #.######.#.####.##### ##.##
#. #....#.# #.# #...# #. #.####.#
#.# ##..########.###.# #.# #.#
#...............# #.# #.####
#..########.....# #.# #....# #..#
#.##.## #.# ####.# #..# #.##.##
#.# #.# #._# #.#..@# #.# #..#
#...55h# ##.## #..# #........
#...# #..# #.......## ###.#.##
#..########........######...#...
##................$........#####.
#..#########......#.######...#...
#.## #.#...##.# ###.#.## #.#
#...#


You could see Natasha and 2 white imps.

Vanquished Creatures
  Natasha (D:3)
  A worm (D:1)
  4 dart slugs
  5 ball pythons
  4 bats
  3 endoplasms
  3 giant cockroaches
  7 hobgoblins
  9 kobolds
  A quokka (D:1)
  6 frilled lizards
  9 goblins
  2 rats
55 creatures vanquished.

Notes
Turn   | Place    | Note
-------+----------+-------------------------------------------
     0 | D:1      | Allula97 the Demonspawn Monk began the quest for the Orb.
     0 | D:1      | Reached XP level 1. HP: 18/18 MP: 1/1
   204 | D:1      | Gained mutation: You have a small tail. [demonic ancestry]
   204 | D:1      | Reached XP level 2. HP: 20/24 MP: 2/2
   257 | D:1      | You fall into a shaft and drop 1 floor!
   257 | D:2      | Found Fomuolep's General Store.
   471 | D:1      | Gained mutation: You sometimes gain a little power by
                  | taking damage. [demonic ancestry]
   471 | D:1      | Reached XP level 3. HP: 6/29 MP: 3/3
  1136 | D:2      | Identified the +4 ring mail of Resourcefulness {-Tele
                  | *Corrode rF+++ Stlth+}
  1766 | D:3      | Found a faded altar of an unknown god.
  1896 | D:3      | Noticed Natasha
  1908 | D:3      | Killed Natasha
  1909 | D:3      | Reached XP level 4. HP: 4/35 MP: 4/4
  2294 | D:3      | Noticed Natasha
  2319 | D:3      | Slain by a white imp

Illustrated notes

Levels and vault maps discovered:
D:1:      dpeg_arrival_three_smaller_balls, layout_basic, nicolae_wormholes
D:2:      layout_basic, serial_shops, nicolae_lakefront_shop, nrook_uturn
D:3:      layout_loops_ring, basic_ecumenical_altar, ebering_ghost_sewer_f,
          uniq_natasha

Skill      XL: |  1  2 |
---------------+-------+-----
Axes           | 3 |  3.9
Dodging        | 3 |  3.2
Fighting       | |  3.3
Armour         | |  0.9
Stealth        | |  1.8

Action                   |  1- 3 |  4- 6 || total
-------------------------+-------+-------++-------
Melee: Hand axe          |   134 |    28 ||   162
       Punch             |     2 |       ||     2
       Tailslap          |    15 |     1 ||    16
  Use: Scroll            |     2 |       ||     2
       Potion            |     1 |       ||     1
 Stab: Sleeping          |     3 |     1 ||     4
Armor: Ring mail         |    59 |    19 ||    78
Dodge: Dodged            |   105 |    21 ||   126
